Map: [ESL] Inside and Out

Players

Ranger

  • Race: Protoss Protoss
  • Spawn Location: 7:00

Probe - Winner!

  • Race: Protoss Protoss
  • Spawn Location: 1:00

Event: DreamHack SC2 Masters 2022 Atlanta (Online)

VOD

Have the link to the VOD?

Description

Time

  • Played on: Sept. 30, 2022, 6:26 a.m.
  • Length: 17:59

All games in this series

Show
View Real Time Build Order
Export as new Build Order

Ranger Protoss 

Build Orders: Oracle Opening 

Get SALT Encoding   

  12  0:00  Probe  
  13  0:12  Probe  
  14  0:19  Pylon  
  14  0:24  Probe (Chrono Boost)  
  15  0:37  Probe (Chrono Boost)  
  15  0:38  Gateway  
  16  0:45  Probe (Chrono Boost)  
  16  0:47  Assimilator  
  17  0:52  Probe  
  19  1:04  Probe  
  19  1:16  Probe  
  20  1:26  Zealot, Cybernetics Core  
  20  1:27  Pylon  
  20  1:28  Probe  
  23  1:33  Assimilator  
  23  1:38  Pylon  
  23  1:45  Probe  
  24  1:59  Adept (Chrono Boost), Probe  
  27  2:10  Cybernetics Core  
  27  2:13  Probe  
  28  2:17  Stargate  
  28  2:21  Adept (Chrono Boost)  
  28  2:27  Pylon  
  30  2:31  Warp Gate  
  30  2:38  Shield Battery  
  29  3:01  Oracle (Chrono Boost)  
  32  3:11  Stalker  
  34  3:13  Probe  
  35  3:25  Nexus  
  33  3:36  Oracle (Chrono Boost)  
  34  3:42  Stalker  
  34  3:46  Probe  
  37  3:58  Shield Battery  
  37  4:00  Pylon  
  37  4:11  Gateway  
  37  4:21  Stalker  
  37  4:22  Probe  
  38  4:43  Probe  
  38  4:44  Stalker  
  38  4:45  Probe  
  39  4:50  Twilight Council  
  39  4:55  Probe  
  39  4:58  Probe (Chrono Boost)  
  37  5:05  Stalker  
  36  5:07  Probe (Chrono Boost)  
  36  5:15  Probe (Chrono Boost)  
  36  5:16  Probe (Chrono Boost)  
  36  5:19  Adept  
  39  5:21  Probe (Chrono Boost)  
  39  5:26  Probe (Chrono Boost)  
  41  5:28  Adept  
  41  5:33  Probe (Chrono Boost)  
  41  5:41  Probe x2 (Chrono Boost), Blink (Chrono Boost)  
  43  5:48  Probe  
  43  5:49  Probe  
  43  6:00  Probe  
  43  6:01  Probe  
  45  6:10  Forge  
  45  6:13  Probe x2  
  45  6:17  Stalker  
  45  6:18  Sentry  
  51  6:25  Probe (Chrono Boost)  
  51  6:27  Probe (Chrono Boost)  
  51  6:30  Gateway  
  51  6:37  Gateway, Probe (Chrono Boost)  
  53  6:41  Probe (Chrono Boost)  
  53  6:43  Probe (Chrono Boost)  
  54  6:49  Probe  
  54  6:50  Stalker x2  
  59  6:55  Pylon  
  59  7:01  Protoss Ground Weapons Level 1 (Chrono Boost)  
  59  7:08  Pylon  
  59  7:12  Robotics Facility  
  59  7:15  Probe x2  
  60  7:16  Assimilator  
  61  7:25  Sentry, Stalker  
  65  7:33  Nexus  
  65  7:48  Stalker x3  
  71  7:51  Stalker  
  71  7:54  Shield Battery  
  73  7:59  Observer  
  73  8:01  Probe x2  
  76  8:07  Pylon  
  76  8:13  Pylon  
  76  8:14  Gateway  
  76  8:16  Gateway  
  76  8:33  Stalker x4  
  84  8:43  Probe (Chrono Boost)  
  84  8:45  Probe (Chrono Boost)  
  84  8:46  Charge (Chrono Boost)  
  87  8:51  Probe (Chrono Boost)  
  87  8:54  Probe (Chrono Boost)  
  87  8:55  Probe (Chrono Boost)  
  89  8:56  Photon Cannon  
  89  8:59  Photon Cannon  
  89  9:06  Stalker  
  89  9:07  Stalker  
  90  9:10  Probe  
  90  9:14  Probe  
  90  9:19  Probe  
  90  9:22  Probe, Protoss Ground Weapons Level 2 (Chrono Boost)  
  92  9:29  Probe  
  93  9:32  Probe  
  93  9:35  Gateway  
  93  9:36  Probe  
  95  9:39  Gateway  
  95  9:41  Probe  
  96  9:48  Zealot x4  
  104  9:54  Warp Prism (Chrono Boost)  
  106  10:00  Dark Shrine  
  105  10:17  Zealot x3  
  103  10:33  Gateway  
  103  10:34  Gateway  
  100  10:37  Shield Battery  
  100  10:39  Pylon  
  100  10:40  Pylon  
  100  10:41  Pylon  
  100  10:43  Pylon  
  100  10:47  Probe, Pylon  
  101  10:52  Zealot  
  101  10:53  Zealot x3  
  109  11:00  Zealot x2  
  109  11:02  Nexus  
  111  11:14  Zealot x5  
  111  11:15  Zealot  
  117  11:28  Dark Templar x2  
  121  11:35  Dark Templar x2  
  125  11:42  Immortal (Chrono Boost)  
  129  11:48  Stalker x4  
  119  12:01  Zealot  
  119  12:02  Zealot  
  109  12:12  Dark Templar x3  
  109  12:13  Zealot x3  
  91  12:30  Zealot  
  91  12:31  Zealot  
  91  12:33  Cybernetics Core  
  95  12:40  Probe  
  95  12:41  Probe x3  
  99  12:51  Zealot x3  
  99  12:52  Zealot x3  
  99  12:53  Probe  
  112  12:59  Probe x3  
  115  13:07  Archon  
  115  13:09  Immortal (Chrono Boost)  
  113  13:18  Pylon  
  113  13:23  Robotics Bay  
  113  13:27  Dark Templar  
  113  13:28  Dark Templar  
  117  13:34  Archon, Dark Templar  
  117  13:38  Probe (Chrono Boost)  
  117  13:39  Probe x2 (Chrono Boost), Assimilator  
  120  13:41  Observer (Chrono Boost)  
  120  13:44  Archon  
  120  13:46  Probe (Chrono Boost)  
  120  13:50  Probe (Chrono Boost)  
  120  13:51  Probe (Chrono Boost), Pylon  
  124  13:55  Probe x2 (Chrono Boost)  
  124  14:05  Probe  
  124  14:06  Probe  
  124  14:08  Robotics Facility  
  124  14:09  Dark Templar  
  128  14:16  Disruptor (Chrono Boost)  
  122  14:22  Zealot x6  
  131  14:28  Zealot  
  129  14:34  Shield Battery  
  129  14:36  Shield Battery  
  129  14:42  Disruptor (Chrono Boost)  
  129  14:43  Zealot  
  129  14:44  Zealot x3  
  134  14:56  Probe (Chrono Boost)  
  136  15:00  Probe (Chrono Boost)  
  136  15:03  Dark Templar  
  136  15:06  Probe (Chrono Boost)  
  137  15:07  Zealot x2  
  137  15:08  Disruptor (Chrono Boost)  
  137  15:12  Probe (Chrono Boost)  
  145  15:16  Observer (Chrono Boost)  
  145  15:17  Probe  
  145  15:19  Zealot  
  145  15:20  Zealot x3  
  151  15:26  Zealot  
  141  15:38  Pylon  
  141  15:41  Pylon  
  135  15:58  Disruptor (Chrono Boost)  
  135  15:59  Disruptor (Chrono Boost)  
  140  16:26  Pylon  
  140  16:27  Disruptor (Chrono Boost)  
  140  16:29  Pylon  
  123  16:47  Zealot x3  
  111  16:57  Dark Templar  
  88  17:10  Zealot  
  73  17:24  Zealot  
  63  17:32  Zealot  
Show
View Real Time Build Order
Export as new Build Order

Probe Protoss - Winner!

Build Orders: Oracle Opening 

Get SALT Encoding   

  12  0:00  Probe  
  13  0:12  Probe  
  14  0:19  Pylon  
  14  0:24  Probe  
  15  0:37  Probe (Chrono Boost)  
  15  0:40  Gateway  
  16  0:46  Probe (Chrono Boost)  
  16  0:47  Assimilator  
  17  0:51  Probe (Chrono Boost)  
  18  1:03  Probe (Chrono Boost)  
  19  1:08  Assimilator  
  19  1:09  Pylon  
  19  1:14  Probe (Chrono Boost)  
  20  1:19  Probe (Chrono Boost)  
  21  1:26  Cybernetics Core  
  21  1:31  Probe  
  21  1:32  Zealot  
  24  1:38  Pylon  
  24  1:43  Probe  
  25  1:55  Probe  
  25  1:57  Pylon  
  25  2:03  Stalker  
  25  2:07  Probe  
  28  2:09  Stargate  
  28  2:16  Pylon  
  28  2:18  Warp Gate  
  28  2:19  Probe  
  29  2:31  Probe  
  29  2:34  Stalker  
  32  2:44  Probe  
  32  3:00  Probe  
  32  3:03  Oracle  
  36  3:12  Shield Battery  
  36  3:13  Probe  
  36  3:25  Probe  
  36  3:55  Oracle  
  39  4:05  Pylon  
  38  4:25  Nexus  
  38  4:27  Stalker  
  38  4:36  Probe (Chrono Boost)  
  32  4:48  Probe (Chrono Boost)  
  33  4:56  Probe (Chrono Boost)  
  34  5:02  Probe  
  35  5:14  Robotics Facility, Probe (Chrono Boost)  
  36  5:26  Probe (Chrono Boost)  
  36  5:27  Forge  
  37  5:31  Probe (Chrono Boost)  
  38  5:40  Probe (Chrono Boost)  
  38  5:41  Probe (Chrono Boost)  
  40  5:48  Gateway  
  40  5:49  Probe x2 (Chrono Boost)  
  42  5:54  Probe (Chrono Boost)  
  42  5:58  Probe  
  43  6:04  Observer  
  43  6:05  Protoss Ground Weapons Level 1  
  43  6:06  Probe  
  43  6:10  Probe  
  46  6:17  Sentry  
  48  6:18  Probe (Chrono Boost)  
  48  6:23  Shield Battery, Probe (Chrono Boost)  
  50  6:30  Probe (Chrono Boost)  
  52  6:33  Probe (Chrono Boost)  
  52  6:36  Immortal  
  52  6:37  Probe (Chrono Boost)  
  52  6:39  Probe (Chrono Boost)  
  57  6:51  Probe (Chrono Boost)  
  57  6:52  Observer, Probe (Chrono Boost)  
  59  7:00  Probe (Chrono Boost)  
  61  7:03  Probe (Chrono Boost)  
  61  7:05  Twilight Council, Gateway  
  61  7:06  Probe  
  62  7:09  Pylon  
  62  7:10  Assimilator  
  62  7:13  Pylon  
  62  7:25  Immortal (Chrono Boost)  
  62  7:27  Probe, Pylon  
  67  7:44  Charge  
  67  7:46  Probe  
  68  7:51  Nexus  
  68  7:52  Probe  
  68  7:53  Pylon  
  68  7:58  Immortal (Chrono Boost)  
  73  8:06  Sentry  
  73  8:07  Stalker  
  73  8:12  Shield Battery  
  77  8:14  Shield Battery  
  77  8:16  Shield Battery, Probe  
  78  8:24  Observer  
  78  8:32  Gateway  
  78  8:34  Immortal (Chrono Boost), Probe x2, Protoss Ground Weapons Level 2 (Chrono Boost)  
  84  8:46  Probe  
  84  8:47  Probe  
  86  8:51  Templar Archives  
  86  8:58  Probe  
  86  8:59  Probe  
  88  9:03  Observer  
  88  9:08  Stalker x3  
  94  9:11  Probe x3  
  94  9:21  Gateway  
  94  9:23  Probe  
  95  9:25  Gateway  
  94  9:37  Observer (Chrono Boost), Photon Cannon  
  95  9:39  Gateway  
  95  9:40  Gateway  
  95  9:41  Gateway, High Templar  
  95  9:42  High Templar, Assimilator  
  95  9:43  Assimilator  
  99  9:47  Archon  
  99  9:57  Photon Cannon, Pylon  
  99  10:00  Pylon  
  99  10:01  Zealot x2  
  103  10:11  Pylon x2  
  103  10:13  Pylon x2  
  100  10:23  Zealot, High Templar x2  
  100  10:24  Zealot x3  
  100  10:27  Pylon x2  
  112  10:29  Archon  
  112  10:39  Warp Prism  
  114  10:45  High Templar x2  
  114  10:46  Zealot x4  
  126  10:50  Photon Cannon  
  126  10:51  Probe  
  126  10:53  Archon  
  127  11:00  Zealot  
  127  11:01  Zealot x2  
  133  11:05  Observer  
  133  11:08  Protoss Ground Weapons Level 3 (Chrono Boost)  
  133  11:23  Zealot  
  133  11:24  Zealot x5  
  145  11:27  Observer, Pylon  
  142  11:43  Zealot x4  
  142  11:44  Zealot x3  
  152  11:55  Zealot x2  
  152  12:03  Observer (Chrono Boost)  
  143  12:14  Zealot x4  
  143  12:15  Zealot x3  
  150  12:28  Robotics Facility  
  147  12:35  Probe  
  147  12:36  Probe  
  146  12:37  Probe  
  147  12:48  Probe  
  147  12:50  High Templar x3  
  147  12:51  High Templar x3  
  158  12:54  Photon Cannon  
  158  12:55  Archon x2  
  158  12:56  Archon  
  150  13:20  Observer  
  150  13:21  Probe x2  
  150  13:25  Zealot x6  
  165  13:31  Pylon  
  165  13:41  Photon Cannon  
  165  13:49  Probe  
  165  13:50  Probe x2  
  165  13:54  Observer  
  168  13:59  Nexus  
  168  14:02  Probe  
  167  14:09  Zealot x3  
  171  14:31  Probe x2, Pylon  
  173  14:41  Photon Cannon  
  173  14:43  Pylon  
  173  14:44  Robotics Bay  
  173  14:45  Gateway  
  173  14:46  Photon Cannon  
  173  14:47  Pylon  
  173  14:49  Robotics Facility, Probe  
  173  14:50  Probe  
  173  14:54  Photon Cannon  
  173  14:57  Zealot x3, Photon Cannon  
  179  15:00  Shield Battery  
  180  15:07  Observer  
  180  15:10  High Templar x6  
  192  15:15  Archon  
  192  15:16  Archon x2  
  192  15:19  Probe  
  193  15:22  Blink (Chrono Boost)  
  185  15:33  Disruptor (Chrono Boost)  
  170  15:39  Disruptor (Chrono Boost)  
  173  15:49  Zealot x7  
  186  15:50  Zealot x2  
  186  15:56  Probe  
  190  16:03  Disruptor (Chrono Boost)  
  193  16:14  Zealot  
  193  16:15  Zealot x3  
  179  16:29  Disruptor  
  179  16:31  Zealot x5  
  192  16:34  Disruptor  
  179  16:50  Zealot x4  
  172  17:05  Disruptor  
  146  17:10  Zealot x7  
  146  17:11  Zealot x2  
  117  17:32  Zealot x7  
  117  17:33  Zealot x2  
  111  17:51  Nexus  
Tags
 
Add a new tag
Caveats
  • Supply blocks, unpowered buildings, or Contaminate may cause inaccurate times.
  • Supply counts are checked every 10 seconds.